 Dungeon Crawl Stone Soup version 0.25.0-1-g7eea58d2a3 (webtiles) character file.

Game seed: 364864680578414156

34 raph the Firebug (level 3, -7/26 HPs)
             Began as a Hill Orc Fire Elementalist on June 14, 2020.
             Mangled by Crazy Yiuf
             ... wielding a +3 quarterstaff of chaos
              (12 damage)
             ... on level 2 of the Dungeon.
             The game lasted 00:04:23 (1579 turns).

raph the Firebug (Hill Orc Fire Elementalist)       Turns: 1579, Time: 00:04:24

Health: -7/26      AC:  5    Str: 10    XL:     3   Next: 31%
Magic:  12/14      EV: 12    Int: 16    God:
Gold:   46         SH:  0    Dex: 11    Spells: 1/5 levels left

rFire    . . .     SeeInvis .   m - +1 hand axe
rCold    . . .     Gourm    .   (no shield)
rNeg     . . .     Faith    .   a - +0 robe
rPois    .         Spirit   .   (no helmet)
rElec    .         Reflect  .   (no cloak)
rCorr    .         Harm     .   f - +2 pair of gloves
MR       .....                  (no boots)
Stlth    ++........             (no amulet)
HPRegen  0.08/turn              h - ring of magical power
MPRegen  0.14/turn              (no ring)

@: slowed, very slow
A: no striking features
a: no special abilities


You were on level 2 of the Dungeon.
You were not hungry.

You visited 1 branch of the dungeon, and saw 2 of its levels.

You collected 46 gold pieces.

Inventory:

Hand Weapons
 m - a +1 hand axe (weapon)
Armour
 a - a +0 robe (worn)
 f - a +2 pair of gloves (worn)
Jewellery
 h - a ring of magical power (left hand)
Wands
 e - a wand of flame (14)
Potions
 b - a potion of lignification
 d - a potion of heal wounds
 g - a potion of magic
 i - a potion of curing {unknown}
 l - a potion of degeneration {unknown}
 o - a potion of brilliance {unknown}
Comestibles
 c - 3 rations
 q - 3 chunks of flesh


   Skills:
 + Level 0.7 Axes
 - Level 1.7 Dodging
 - Level 1.8 Stealth
 + Level 1.8 Spellcasting
 + Level 1.4 Conjurations
 * Level 3.9 Fire Magic


You had one spell level left.
You knew the following spells:

 Your Spells              Type           Power        Failure   Level  Hunger
a - Foxfire               Conj/Fire      ##..         7%          1    #......
b - Conjure Flame         Conj/Fire      ##......     22%         3    ###....

Your spell library contained the following spells:

 Spells                   Type           Power        Failure   Level  Hunger
 Inner Flame              Hex/Fire       #.......     28%         3    ###....
 Sticky Flame             Conj/Fire      ##......     56%         4    #####..
 Fireball                 Conj/Fire      ##........   89%         5    ######.


Dungeon Overview and Level Annotations

Branches:
Dungeon (2/15)

Altars:

Annotations:
D:2 Crazy Yiuf


Message History

You start resting.
Magic restored.
Found a mace.
Found a runed translucent door.
Crazy Yiuf grits, "Goober!"
You open the door.
Crazy Yiuf drinks a potion.
Crazy Yiuf seems to speed up.
Casting: Foxfire (safe; 7% risk of failure)
Confirm with . or Enter, or press ? or * to list all spells.
You conjure some foxfire!
The foxfire hits Crazy Yiuf but does no damage.
Your foxfire dissipates!
Crazy Yiuf hits you with a +3 quarterstaff of chaos.
You feel yourself slow down.
Casting: Foxfire (safe; 7% risk of failure)
Confirm with . or Enter, or press ? or * to list all spells.
You conjure some foxfire!
Crazy Yiuf hits you with a +3 quarterstaff of chaos!
Crazy Yiuf burns you.
* * * LOW HITPOINT WARNING * * *
Crazy Yiuf hits you with a +3 quarterstaff of chaos!
You die...

##. ..... .# .#
#### #.# ##
♣♣♣♣♣##..# #.# ###
♣♣♣v♣..#...# #.#
####
#...#♣g@♣.PP....#
#.# # #..#
#...'.♣♣♣♣P.....#
#.# #####.##
#)..#♣♣
♣♣P#...#####.##
....#.# ###
♣♣##..........
###...#
#....###... ##÷.#
####.###).#
##.###############
#..##..#
##..#............#
##.....#
#.....####...###.
########.##


You could see Crazy Yiuf (fast).

Vanquished Creatures
  An adder (D:2)
  2 dart slugs (D:1)
  3 leopard geckos
  2 hobgoblins
  A jackal (D:2)
  3 bats (D:1)
  2 frilled lizards
  4 kobolds
  2 rats
20 creatures vanquished.

Vanquished Creatures (others)
  38 foxfires
38 creatures vanquished.

Grand Total: 58 creatures vanquished

Notes
Turn   | Place    | Note
-------+----------+-------------------------------------------
     0 | D:1      | raph the Hill Orc Fire Elementalist began the quest for the
                  | Orb.
     0 | D:1      | Reached XP level 1. HP: 14/14 MP: 3/3
   826 | D:1      | Reached XP level 2. HP: 20/20 MP: 4/4
  1339 | D:2      | Reached XP level 3. HP: 22/26 MP: 5/5
  1542 | D:2      | Learned a level 3 spell: Conjure Flame
  1571 | D:2      | Found a runed translucent door.
  1572 | D:2      | Noticed Crazy Yiuf
  1579 | D:2      | Mangled by Crazy Yiuf

Illustrated notes

Levels and vault maps discovered:
D:1:      lightli_arrival_windingriver, layout_loops_ring
D:2:      layout_rooms, grunt_gozag_statues, uniq_crazy_yiuf_cottage

Action                   || total
-------------------------++-------
Melee: Unarmed           ||     4
       Hand axe          ||    12
 Cast: Foxfire           ||    40
  Use: Scroll            ||     7
  Eat: Chunk             ||     3
Armor: Robe              ||    13
Dodge: Dodged            ||    41
